 Dungeon Crawl Stone Soup version 0.29.1-2-gbd0b4ee654 (webtiles) character file.

Game seed: 10842577817072241121

138 Icepheonix32 the Grave Robber (level 5, -1/31 HPs)
             Began as an Octopode Necromancer on Oct 31, 2022.
             Slain by a hobgoblin (3 damage)
             ... led by Robin
             ... on level 2 of the Dungeon.
             The game lasted 00:02:09 (1608 turns).

Icepheonix32 the Grave Robber (OpNe)                Turns: 1608, Time: 00:02:10

Health: -1/31      AC:  1    Str:  8    XL:     5   Next: 21%
Magic:  1/8        EV: 13    Int: 19    God:
Gold:   91         SH:  0    Dex: 12    Spells: 4/8 levels left

rFire   . . .      SeeInvis .   k - +0 dagger
rCold   . . .      Faith    .   j - orb {light}
rNeg    . . .      Spirit   .   (helmet restricted)
rPois   .          Reflect  .   (no amulet)
rElec   .          Harm     .   (no ring)
rCorr   .          Rampage  .   (no ring)
Will    .....                   (no ring)
Stlth   +.........              (no ring)
HPRegen 0.10/turn               (no ring)
MPRegen 0.11/turn               (no ring)
                                (no ring)
                                (no ring)

@: silenced, hasted, glowing, very quick
A: almost no armour, amphibious, 8 rings, camouflage 1, gelatinous body 1,
(nimble swimmer 1), tentacles
a: no special abilities


You were on level 2 of the Dungeon.
You visited 1 branch of the dungeon, and saw 2 of its levels.

You collected 91 gold pieces.

Inventory:

Hand Weapons
 k - a +0 dagger (weapon)
Armour
 j - an orb of light (worn)
Scrolls
 c - a scroll of silence
 d - a scroll of blinking {unknown}
 e - a scroll of fear {unknown}
 g - a scroll of teleportation {unknown}
 h - a scroll of immolation {unknown}
 l - a scroll of brand weapon {unknown}
Potions
 a - a potion of magic
 f - a potion of curing
 i - a potion of heal wounds {unknown}
 m - a potion of cancellation {unknown}
 n - a potion of flight {unknown}


   Skills:
 - Level 2.0 Dodging
 - Level 2.6 Stealth
 - Level 2.0 Spellcasting
 + Level 6.3 Necromancy


You had 4 spell levels left.
You knew the following spells:

 Your Spells              Type           Power      Damage    Failure   Level
a - Necrotise             Necr           100%       1d9       1%          1
b - Vampiric Draining     Necr           26%        2d7       3%          3

Your spell library contained the following spells:

 Spells                   Type           Power      Damage    Failure   Level
 Animate Dead             Necr           26%        N/A       12%         4
 Agony                    Necr           26%        N/A       34%         5


Dungeon Overview and Level Annotations

Branches:
Dungeon (2/15)

Altars:
Gozag

Annotations:
D:2 Natasha


Innate Abilities, Weirdness & Mutations

You cannot wear most types of armour.
You are amphibious.
You can wear up to eight rings at the same time.
Your skin changes colour to match your surroundings (Stealth+).
Your rubbery body absorbs attacks. (AC +1, EV +1)
((You are camouflaged when in or above water. (Stealth+)))
You have tentacles for arms and can constrict up to eight enemies at once.


Message History

You constrict Robin.
Natasha mumbles some strange words.
Okay, then.
It was a potion of curing.
You feel better.
You constrict Robin, but do no damage. The goblin closely misses you.
Robin hits you with a +0 short sword.
* * * LOW HITPOINT WARNING * * *
The hobgoblin hits you.
* * * LOW HITPOINT WARNING * * *
Unknown command.
Casting: Necrotise (safe; 1% risk of failure)
Confirm with . or Enter, or press ? or * to list all spells.
Aiming: Necrotise (safe; 1% risk of failure)
Press: ? - help, Shift-Dir - straight line, f - Robin, p - goblin
Aim: Robin, wielding a +0 short sword, wearing a +0 animal skin and wearing a +0 helmet (moderately wounded, constricted by you, haloed, chance to affect: 88%) Robin writhes in agony!
You constrict Robin. The hobgoblin closely misses you.
Robin hits you with a +0 short sword.
* * * LOW HITPOINT WARNING * * *
The goblin misses you.
Casting: Necrotise (safe; 1% risk of failure)
Confirm with . or Enter, or press ? or * to list all spells.
You don't have enough magic to cast this spell.
Unknown command.
You hit Robin.
You kill Robin!
Unknown command.
A rat comes into view.
The hobgoblin hits you.
* * * LOW HITPOINT WARNING * * *
Items here: ! ( ) [[ †.
Really wriggle into that dispersal trap? [Y]es or [N]o only, please.
Really wriggle into that dispersal trap?
You enter a dispersal trap!
The goblin blinks!
The hobgoblin blinks!
The goblin blinks! x2; You blink.
As you read the scroll labelled HOAMUO SOCYWKEA, it crumbles to dust.
A profound silence engulfs you.
It was a scroll of silence.
The goblin no longer looks unusually strong.
The hobgoblin hits you.
You die...

#############
#.§.§§gh.5r.#
#.###§#####.#.
#g#.).)).g....
#.#.#.#####.#.
#.#.#.#####.#
#@..........#
##.g...#######
#§......#
##.....##
##....# ..#
##.#.### #.#
#.....# #.#
#.#.#.## #.#
#......#


You could see a hobgoblin and a goblin.

Vanquished Creatures
  Natasha (twice) (D:2)
  Robin (D:2)
  4 adders (D:2)
  2 bats (D:1)
  2 endoplasms (D:1)
  8 goblins
  5 hobgoblins
  2 jackals (D:1)
  A kobold (D:1)
  A quokka (D:1)
  6 ball pythons
  3 rats (D:1)
37 creatures vanquished.

Vanquished Creatures (collateral kills)
  2 goblins (D:2)
2 creatures vanquished.

Grand Total: 39 creatures vanquished

Notes
Turn   | Place    | Note
-------+----------+-------------------------------------------
     0 | D:1      | Icepheonix32 the Octopode Necromancer began the quest for
                  | the Orb.
     0 | D:1      | Reached XP level 1. HP: 11/11 MP: 3/3
   269 | D:1      | Reached XP level 2. HP: 15/17 MP: 0/5
   917 | D:1      | Reached XP level 3. HP: 21/21 MP: 3/6
  1028 | D:1      | Reached skill level 5 in Necromancy
  1294 | D:2      | Found an opulent altar of Gozag.
  1327 | D:2      | Noticed Natasha
  1333 | D:2      | Killed Natasha
  1334 | D:2      | Reached XP level 4. HP: 22/27 MP: 1/7
  1475 | D:2      | Learned a level 3 spell: Vampiric Draining
  1574 | D:2      | Noticed Natasha
  1580 | D:2      | Killed Natasha
  1581 | D:2      | Reached skill level 6 in Necromancy
  1581 | D:2      | Reached XP level 5. HP: 23/31 MP: 2/8
  1584 | D:2      | Noticed Robin
  1600 | D:2      | Noticed Natasha
  1604 | D:2      | Killed Robin
  1605 | D:2      | HP: 1/31 [hobgoblin[Robin] (3)]
  1608 | D:2      | Slain by a hobgoblin

Illustrated notes

Levels and vault maps discovered:
D:1:      dpeg_arrival_three_smaller_balls, layout_loops_ring
D:2:      layout_loops_cross, basic_altar, grunt_ministairs_3, uniq_robin,
          uniq_natasha

Skill      XL: |  1  2  3  4 |
---------------+-------------+-----
Necromancy     | 5 6 |  6.3
Dodging        | |  2.0
Stealth        | |  2.6
Spellcasting   | |  2.0

Action                   |  1- 3 |  4- 6 || total
-------------------------+-------+-------++-------
Melee: Dagger            |       |     6 ||     6
       Constrict         |       |     3 ||     3
       Tentacles         |       |     1 ||     1
 Cast: Necrotise         |    47 |    16 ||    63
  Use: Potion            |       |     2 ||     2
       Scroll            |       |     1 ||     1
Armor: Skin              |       |     1 ||     1
Dodge: Dodged            |     9 |    12 ||    21
